Tilly, chaotic female orcish Rogue -------- ------ |<|>...---.%..| |^|-..f%@```..| |^||.``.|.`.`.| |^||....|.....| |^|------.----| |^| |......| |.------......| |.)....%).....| |..-----......| ---- -------- Tilly the Rogue Experience level: 6 Strength: 17 Dexterity: 18 Constitution: 13 Intelligence: 11 Wisdom: 9 Charisma: 9 Health: 28(44) Energy: 19(19) Def: 3 Gold: 971 Moves: 3323 Dungeon seed: Kc9zh_9haJI5yqIm Game ID: Tilly_1545489353 Your Inventory: Coins $ - 971 gold pieces Weapons a - a corroded +0 orcish short sword (weapon in hand) b - 15 +0 orcish daggers (in quiver) K - a +0 orcish dagger Armor e - an uncursed +1 leather armor (being worn) y - an uncursed +0 studded leather armor N - a cursed -1 pair of high boots Comestibles g - 2 uncursed tins of newt meat h - 2 uncursed fortune cookies i - an uncursed banana t - 7 uncursed food rations E - 2 cursed tins of fox meat Scrolls p - an uncursed scroll of teleportation w - 3 cursed scrolls of blank paper H - an uncursed scroll of identify O - an uncursed scroll of earth P - a blessed scroll of earth Spellbooks s - an uncursed spellbook of create monster Potions c - an uncursed potion of sickness k - an uncursed potion of levitation l - 2 potions of unholy water v - 5 uncursed potions of water x - a cursed potion of fruit juice I - an uncursed potion of object detection Rings r - a cursed -1 ring of adornment z - a cursed +0 ring of increase accuracy A - a cursed ring of polymorph F - an uncursed ring of cold resistance G - a cursed -1 ring of gain constitution L - a cursed ring of see invisible Wands u - a cursed wand of cancellation (0:0) B - a cursed wand of probing (0:-1) Tools d - an uncursed lock pick f - an uncursed sack m - an uncursed tin whistle n - an uncursed skeleton key q - an uncursed tin whistle J - an uncursed lock pick M - an uncursed tallow candle (0:200) Spells and supernatural/magical abilities: Name Level Category Fail Memory W - pray for help -- divine ? -- Your skills at the end: Fighting Skills Weapon Skills dagger [Skilled] short sword [Basic] Spellcasting Skills Final Attributes: You were piously aligned. You were poison resistant. You had infravision. You were stealthy. You were lucky. You survived. Vanquished creatures: a dingo a jaguar a fog cloud 3 shriekers a gray ooze 3 elf zombies 7 giant ants 2 kittens a kobold lord a rothe a rabid rat a centipede a wererat a werejackal an iguana an acid blob a coyote a giant rat a brown mold a gnome 10 garter snakes a gecko 11 jackals 3 foxes a kobold 3 goblins 2 grid bugs 5 bats 2 lichens 69 creatures vanquished. Voluntary challenges: You used a wielded weapon 28 times, starting on turn 91. You read items or engraved 4 times, starting on turn 1686. You never genocided any monsters. You never polymorphed an object. You never changed form. You used no wishes. You never split a pudding. You wrote Elbereth's name 4 times, starting on turn 1686. You never violated your personal moral code. Dungeon overview: The Dungeons of Doom: levels 1 to 7 Level 1 a long staircase Level 2 Level 3 some fountains Level 4 a long staircase Level 5 a fountain Level 6 many fountains Level 7 a fountain stairs to Sokoban Sokoban: Level 6 <- You were here stairs to The Dungeons of Doom History has recorded: On T:1 you entered the Dungeons of Doom to retrieve the Amulet of Yendor! On T:327 you reached level 2 of The Dungeons of Doom. On T:489 you reached level 3 of The Dungeons of Doom. On T:696 you advanced to experience level 2. On T:830 you reached level 4 of The Dungeons of Doom. On T:962 you advanced to experience level 3. On T:1331 you advanced to experience level 4. On T:1441 you reached level 5 of The Dungeons of Doom. On T:1894 you advanced to experience level 5. On T:1921 you reached level 6 of The Dungeons of Doom. On T:2514 you reached level 7 of The Dungeons of Doom. On T:2999 you reached level 4 of Sokoban. On T:3202 you advanced to experience level 6. Score breakdown: Gold: 971 (10163 points) Experience: 6 levels (12456 points) Exploration: 7 levels ( 14.58%) (10718 points) Discoveries: 0 items ( 0.00%) ( 0 points) Valuables value: (no points given unless you survive) Artifact value: 0 ( 0 points) Variety of kills: 29 monsters ( 7.61%) ( 8276 points) Turncount: 3323 turns ( -751 points) Survival: quit (score multiplied by 90%) Total score: 36775 Latest messages: You throw 2 orcish daggers. The 1st orcish dagger hits the gray ooze! The 2nd orcish dagger hits the gray ooze. You throw 2 orcish daggers. The 1st orcish dagger hits the gray ooze! You kill the gray ooze! You have a little trouble lifting b - 3 +0 orcish daggers (in quiver). You see here a gray ooze corpse. You have a little trouble lifting b - a +0 orcish dagger (in quiver). You see here a gray ooze corpse. You have a very bad case of stomach acid. This gray ooze corpse tastes terrible! You displace your kitten. With great effort you move the boulder. You see here a partly eaten gray ooze corpse. With great effort you move the boulder. You try to move the boulder, but in vain. You cannot pass that way. (3x) The sack is empty. The sack is empty. Final status: Goodbye Tilly the Rogue, quit... You quit in Sokoban on dungeon level 6 with 36775 points, and 971 pieces of gold, after 3323 moves. You were level 6 with a maximum of 44 hit points when you quit.